 Dungeon Crawl Stone Soup version 0.24-a0-170-gd8427f5 (webtiles) character file.

Game seed: 3256334202348336822

1222 Borgoz the Cudgeler (level 8, 0/48 HPs)
             Began as a Gargoyle Gladiator on Mar 8, 2019.
             Slain by a four-headed hydra (5 damage)
             ... on level 6 of the Dungeon.
             The game lasted 00:09:37 (4787 turns).

Borgoz the Cudgeler (Gargoyle Gladiator)            Turns: 4787, Time: 00:09:38

Health: 0/48       AC: 11    Str: 19    XL:     8   Next: 47%
Magic:  21/21      EV: 14    Int: 10    God:
Gold:   360        SH:  0    Dex: 14    Spells: 12/12 levels left

rFire    . . .     SeeInvis .   e - +0 whip (elec)
rCold    . . .     Gourm    .   (no shield)
rNeg     + . .     Faith    .   b - +0 leather armour
rPois    ∞         Spirit   .   c - +0 helmet
rElec    +         Reflect  .   (no cloak)
rCorr    .         Harm     .   (no gloves)
MR       .....                  w - +0 pair of boots
Stlth    ++........             j - amulet of regeneration
HPRegen  0.56/turn              y - +3 ring of dexterity
MPRegen  0.17/turn              n - ring of magical power

@: no status effects
A: negative energy resistance 1, electricity resistance, unbreathing,
petrification resistance, rot immunity, AC +5
a: no special abilities


You were on level 6 of the Dungeon.
You were not hungry.

You visited 1 branch of the dungeon, and saw 6 of its levels.
You also visited: Sewer.

You collected 360 gold pieces.

Inventory:

Hand Weapons
 e - a +0 whip of electrocution (weapon)
Armour
 b - a +0 leather armour (worn)
 c - a +0 helmet (worn)
 k - a +0 ring mail
 w - a +0 pair of boots (worn)
Jewellery
 a - a +1 ring of protection
 i - a +3 amulet of reflection
 j - an amulet of regeneration (around neck)
 n - a ring of magical power (right hand)
 y - a +3 ring of dexterity (left hand)
Wands
 o - a wand of acid (6)
 t - a wand of paralysis (13)
 u - a wand of digging (6)
Scrolls
 g - 2 scrolls of magic mapping
 l - a scroll of fog
 m - a scroll of immolation
 r - a scroll of remove curse
 s - a scroll of identify
Potions
 h - 5 potions of curing
 p - a potion of agility
 q - 3 potions of degeneration
Miscellaneous
 z - a crystal ball of energy
Comestibles
 f - 7 rations


   Skills:
 + Level 4.1 Fighting
 * Level 5.5 Maces & Flails
 - Level 1.7 Throwing
 * Level 4.8 Armour
 * Level 4.5 Dodging
 + Level 3.5 Stealth
 + Level 2.6 Spellcasting


You had 12 spell levels left.
You didn't know any spells.
Your spell library was empty.

Dungeon Overview and Level Annotations

Branches:
Dungeon (6/15)
 Temple: D:4-7

Altars:
Cheibriados
Xom

Annotations:
D:6 Pikel


Innate Abilities, Weirdness & Mutations

You are resistant to torment.
Your stone body is resilient. (AC +5)
You are immune to poison.
You resist negative energy. (rN+)
You are resistant to electric shocks. (rElec)
You can survive without breathing.
You are immune to petrification.
You are immune to rotting.


Message History

The four-headed hydra is severely wounded.
The four-headed hydra struggles against the net. x2
The shadow imp shouts!
You whack the four-headed hydra!
The four-headed hydra is severely wounded.
The slave hits you but does no damage.
The four-headed hydra struggles against the net.
You strike the helpless four-headed hydra from behind!
You hit the four-headed hydra.
The four-headed hydra is severely wounded.
The four-headed hydra struggles against the net.
The slave closely misses you.
You hit the four-headed hydra.
The four-headed hydra is severely wounded.
The four-headed hydra struggles against the net.
The net rips apart, and the four-headed hydra comes free!
The slave misses you. The four-headed hydra bites you!
* * * LOW HITPOINT WARNING * * *
The four-headed hydra bites you.
You die...

**,*******#........# #D#,,,, *,*
#.###..### #.##,,, *,*
#.####.#### #..##,, *,*
#.#.......## ##..##, *,*
#...#≈..#..## ##..## *,*
#...≈≈≈≈≈...########..# *,*
#.#≈≈≈≈≈≈≈#.#.......... *,*
##.≈≈≈≈≈≈≈≈≈.#).......#. *,*
#...≈≈≈@D≈≈.5....[....## *,*
#...≈≈≈≈p≈≈...........# *,*
#..#≈≈≈≈≈≈≈#.#........# *,*
#....≈≈≈≈≈...#........## *,*
#####....#..≈#..##.......... #,*
#...#................≈≈≈≈≈≈≈
##.###...#.......#######..≈≈≈≈≈≈≈
#...÷'...'................≈≈#####
######...##########..####.≈≈#.#,*


You could see a four-headed hydra, a slave and a shadow imp.

Vanquished Creatures
  Eustachio (D:5)
  Edmund (D:5)
  A slave (D:6)
  An ogre (D:4)
  2 bullfrogs (Sewer)
  A scorpion (D:4)
  A vampire bat (D:5)
  3 hounds (D:4)
  A bullfrog skeleton (D:5)
  3 iguanas
  An orc wizard (D:5)
  2 worker ants
  A hound zombie (D:6)
  11 gnolls
  5 adders
  2 shadow imps
  2 oozes
  An adder skeleton (D:5)
  3 worms
  2 dart slugs (D:3)
  3 fire bats (D:5)
  7 leopard geckos
  4 orcs
  2 spectral bats (D:5)
  3 bat skeletons (D:5)
  A bat zombie (D:5)
  10 giant cockroaches
  5 goblins
  5 hobgoblins
  11 jackals
  9 ball pythons
  14 bats
  A bat simulacrum (D:5)
  7 frilled lizards
  2 kobolds
  8 rats
137 creatures vanquished.

Notes
Turn   | Place    | Note
-------+----------+-------------------------------------------
     0 | D:1      | Borgoz the Gargoyle Gladiator began the quest for the Orb.
     0 | D:1      | Reached XP level 1. HP: 12/12 MP: 1/1
    69 | D:1      | Reached XP level 2. HP: 12/17 MP: 2/2
   171 | D:1      | Reached skill level 1 in Armour
   202 | D:1      | Reached XP level 3. HP: 21/22 MP: 3/3
   790 | D:2      | Found a shimmering altar of Xom.
  1238 | D:2      | Reached XP level 4. HP: 14/27 MP: 3/5
  1242 | D:2      | Reached skill level 1 in Stealth
  1895 | D:3      | Found a snail-covered altar of Cheibriados.
  2381 | D:3      | Reached skill level 1 in Spellcasting
  2381 | D:3      | Reached XP level 5. HP: 24/31 MP: 6/6
  2633 | D:4      | Noticed an ogre
  2641 | D:4      | Killed an ogre
  2670 | D:4      | Reached skill level 4 in Maces & Flails
  2670 | D:4      | Reached XP level 6. HP: 31/37 MP: 7/7
  2930 | D:4      | Reached XP level 7. HP: 19/41 MP: 9/9
  3429 | D:5      | Entered Level 5 of the Dungeon
  3472 | D:5      | Noticed Edmund
  3493 | D:5      | Killed Edmund
  3742 | D:5      | Noticed Eustachio
  3761 | D:5      | Killed Eustachio
  3761 | D:5      | Reached skill level 5 in Maces & Flails
  3761 | D:5      | Reached XP level 8. HP: 48/48 MP: 11/11
  4164 | D:6      | Found a glowing drain.
  4255 | D:6      | Noticed Pikel
  4265 | D:6      | Noticed a four-headed hydra
  4294 | Sewer    | Entered a sewer
  4787 | D:6      | Slain by a four-headed hydra

Levels and vault maps discovered:
D:1:      evilmike_arrival_crescent, layout_rooms, kennysheep_doodads
D:2:      layout_basic, lemuel_doored_altar
D:3:      layout_loops_corners, kennysheep_slug_shrine
D:4:      layout_loops_cross, first_ration
D:5:      layout_rooms, goddamned_bats, uniq_edmund, uniq_eustachio
D:6:      kennysheep_big_flooded_room, layout_basic,
          gammafunk_ghost_gnarly_gnolls, cheibrodos_sewer_entry_drain,
          uniq_pikel
Sewer:    sewer_frog_island_01

Skill      XL: |  1  2  3  4  5  6  7  8 |
---------------+-------------------------+-----
Armour         | 1 2 3 4 |  4.8
Stealth        | 1 2 3 |  3.5
Dodging        | 3 4 |  4.5
Spellcasting   | 1 2 |  2.6
Fighting       | 3 4 |  4.1
Maces & Flails | 4 5 |  5.5
Throwing       | |  1.7

Action                   |  1- 3 |  4- 6 |  7- 9 || total
-------------------------+-------+-------+-------++-------
Melee: Flail             |    10 |       |       ||    10
       Whip              |    96 |   125 |   303 ||   524
Throw: Throwing net      |       |       |     3 ||     3
  Use: Potion            |     1 |     2 |     1 ||     4
       Scroll            |       |     8 |     4 ||    12
 Stab: Sleeping          |       |     3 |     3 ||     6
       Distracted        |       |       |     1 ||     1
       Held in net/web   |       |       |     1 ||     1
  Eat: Chunk             |       |     6 |     7 ||    13
Armor: Leather armour    |    55 |    23 |   153 ||   231
Dodge: Dodged            |    75 |    88 |   335 ||   498

Table legend:
 A = Non-vault XP
 B = Vault XP
 C = Vault XP percentage of total XP
 D = Non-vault monster count
 E = Vault monster count
 F = Vault count percentage of total count
                 A         B        C        D         E       F
            +---------+---------+-------+---------+---------+-------
      Total |     955 |     791 |  45.3 |      90 |      46 |  33.8
            +---------+---------+-------+---------+---------+-------
        D:1 |      44 |       0 |   0.0 |      24 |       0 |   0.0
        D:2 |      70 |       0 |   0.0 |      11 |       0 |   0.0
        D:3 |      62 |       4 |   6.1 |      17 |       1 |   5.6
        D:4 |     521 |       0 |   0.0 |      18 |       0 |   0.0
        D:5 |     219 |     549 |  71.5 |      15 |      22 |  59.5
        D:6 |      39 |       6 |  13.3 |       5 |       4 |  44.4
      Sewer |       0 |     232 | 100.0 |       0 |      19 | 100.0
            +---------+---------+-------+---------+---------+-------
